 Dungeon Crawl Stone Soup version 0.17-a0-1927-g319369b (webtiles) character file.

40 Kuldar the Magician (level 3, -2/19 HPs)
             Began as a Deep Elf Wizard on Sept 29, 2015.
             Slain by Terence
             ... wielding a +0 mace
              (8 damage)
             ... on level 2 of the Dungeon.
             The game lasted 00:06:19 (1726 turns).

Kuldar the Magician (Deep Elf Wizard)               Turns: 1726, Time: 00:06:19

Health: -2/19      AC:  2    Str:  9    XL:     3   Next: 30%
Magic:  7/11       EV: 12    Int: 23    God:
Gold:   104        SH:  0    Dex: 13    Spells: 4 memorised, 3 levels left

rFire  . . .     SeeInvis .     (no weapon)
rCold  . . .     Clarity  .     a - +0 robe
rNeg   . . .     SustAt   .     (no shield)
rPois  .         Gourm    .     b - +0 hat
rElec  .         Spirit   .     (no cloak)
rCorr  .         Warding  .     (no gloves)
rMut   .         Stasis   .     (no boots)
MR     .....                    (no amulet)
Stlth  +.........               (no ring)
                                (no ring)

@: confused, mighty, not resistant to hostile enchantments, very unstealthy
A: no striking features
a: no special abilities


You were on level 2 of the Dungeon.
You were not hungry.

You visited 1 branch of the dungeon, and saw 2 of its levels.

You collected 104 gold pieces.

Inventory:

Armour
 a - a +0 robe (worn)
 b - a +0 hat (worn)
Jewellery
 f - an uncursed ring of wizardry {unknown}
 q - an uncursed ring of see invisible {unknown}
Scrolls
 h - 2 scrolls of identify {unknown}
 i - a scroll of remove curse {unknown}
 j - a scroll of fear {unknown}
 k - a scroll of recharging {unknown}
 l - 3 scrolls of amnesia {unknown}
 p - a scroll of teleportation {unknown}
Potions
 e - a potion of haste
 g - 3 potions of might
 m - a potion of beneficial mutation {unknown}
 o - 2 potions of agility {unknown}
Books
 c - a book of Minor Magic

   Spells                             Type                      Level
   a - Magic Dart                     Conjuration                  1
   b - Blink                          Translocation                2
   c - Call Imp                       Summoning                    2
   d - Repel Missiles                 Charms/Air                   2
   e - Slow                           Hexes                        2
   f - Conjure Flame                  Conjuration/Fire             3
   g - Mephitic Cloud                 Conjuration/Poison/Air       3
Comestibles
 d - 2 bread rations
 n - a beef jerky
 r - a chunk of flesh


   Skills:
 - Level 2.4 Dodging
 - Level 2.4 Stealth
 * Level 4.6 Spellcasting
 * Level 3.4 Conjurations
   Level 1.1 Summonings
 - Level 1.1 Translocations


You had 3 spell levels left.
You knew the following spells:

 Your Spells              Type           Power        Failure   Level  Hunger
a - Magic Dart            Conj           ###.         2%          1    None
b - Blink                 Tloc           N/A          12%         2    None
c - Repel Missiles        Chrm/Air       #.....       17%         2    None
d - Conjure Flame         Conj/Fire      ##......     17%         3    ##.....


Dungeon Overview and Level Annotations

Branches:
Dungeon (2/15)

Altars:

Annotations:
D:2 Terence


Message History

Unknown command.
Drink which item? (? for menu, Esc to quit)
Okay, then.
Drink which item? (? for menu, Esc to quit)
It was a potion of might.
You feel very mighty all of a sudden. Terence barely misses you.
You're too confused to cast spells.
You bump into the rock wall.
Terence hits you with a mace.
A hobgoblin comes into view.
Unknown command.
You're too confused to cast spells.
Unknown command.
The hobgoblin moves out of view.
Terence zaps a wand.
You resist with some effort.
Terence zaps a wand.
You resist with some effort.
Terence zaps a wand.
You are more confused.
Terence hits you with a mace!
You die...

##.##..#########.###...........#.
#...#.............#####.########.
......##########......#.# #.
#.....###########.....#.# #.
##.#...........g........# #.
...#.###########......### #.
####.# #S.....# #. #.# #@##.###
#. #.# #@##.# #. #.# #.##.# #.
####.# #.##.# #. ...[.# #.##.# #.
.....# #.##.# #.
####.###########.##.# #.
#................#..# #.
#.##.#############.#### ##.
#.##.# #..........# #######..


You could see Terence, an adder and a hobgoblin (wandering).

Vanquished Creatures
  An ooze (D:2)
  2 worms (D:2)
  2 giant cockroaches (D:2)
  5 hobgoblins
  4 jackals (D:1)
  5 bats
  A giant gecko (D:2)
  A giant newt (D:1)
  4 goblins
  2 kobolds
  3 rats (D:2)
30 creatures vanquished.

Notes
Turn   | Place    | Note
--------------------------------------------------------------
     0 | D:1      | Kuldar the Deep Elf Wizard began the quest for the Orb.
     0 | D:1      | Reached XP level 1. HP: 10/10 MP: 7/7
   444 | D:1      | Reached XP level 2. HP: 9/15 MP: 0/9
  1300 | D:2      | Noticed Terence
  1327 | D:1      | Reached XP level 3. HP: 19/19 MP: 7/10
  1331 | D:1      | Learned a level 2 spell: Blink
  1334 | D:1      | Learned a level 2 spell: Repel Missiles
  1338 | D:1      | Learned a level 3 spell: Conjure Flame
  1726 | D:2      | Slain by Terence

Vault maps used:
D:1:      roderic_crop_circles_arrival_small
D:2:      uniq_terence

Action                   || total
-------------------------++-------
Melee: Unarmed           ||     2
 Cast: Magic Dart        ||    81
       Conjure Flame     ||     3
  Use: Potion            ||     1
  Eat: Chunk             ||     2
